AoeStats
← w71km26es1

Arena

505659084Analyzed
4v4 RM · 21d ago on Sep 10, 2026· 42m 55s· 8 players
Game mode
Random Map
Map size
Large (8 player)
Population
200
Speed
Normal
Resources
Standard
Victory
Conquest
Starting age
Dark Age
Ending age
Imperial Age
RankedLock teamsTeams togetherTeam positionsShared explorationLock speedFull tech treeHidden civsTurbo modeCheats
Victory
Defeat
🇨🇳 Spanish · China
983
+14
🇹🇼 Teutons · Taiwan
936
+16
🇹🇷 Poles · Türkiye
910
+17
🇮🇳 Hindustanis · India
883
+20
🇩🇪 Hindustanis · Germany
992
-19
🇨🇳 Teutons · China
941
-17
🇩🇪 Sicilians · Germany
930
-16
🇨🇳 Khmer · China
911
-15
y852963741
0:32 Loom
11:04 Feudal Age
11:54 Double-Bit Axe
13:05 Wheelbarrow
12:23 Fletching
12:20 Town Watch
16:37 Horse Collar
25:57 Scale Mail Armor
26:24 Forging
w71km26es1
8:37 Loom
11:37 Feudal Age
12:01 Horse Collar
12:10 Double-Bit Axe
18:32 Castle Age
18:08 Gold Mining
18:58 Bloodlines
19:15 Heavy Plow
18:39 Light Cavalry
20:46 Bow Saw
22:42 Scale Barding Armor
23:37 Stone Mining
26:18 Chain Barding Armor
26:51 Stone Shaft Mining
27:48 Wheelbarrow
29:29 Hand Cart
29:01 Town Watch
30:53 Forging
31:03 Town Patrol
33:56 Imperial Age
32:45 Iron Casting
32:15 Husbandry
32:35 Treadmill Crane
35:57 Crop Rotation
35:53 Conscription
35:53 Lechitic Legacy
36:57 Blast Furnace
37:48 Winged Hussar
easymoney
11:23 Feudal Age
15:48 Castle Age
14:00 Double-Bit Axe
14:24 Horse Collar
16:00 Stone Mining
17:25 Bow Saw
20:49 Heavy Plow
24:35 Stone Shaft Mining
28:25 Wheelbarrow
31:29 Imperial Age
30:04 Hand Cart
30:35 Loom
31:21 Gold Mining
31:49 Forging
31:39 Scale Mail Armor
31:45 Scale Barding Armor
31:41 Padded Archer Armor
31:31 Fletching
33:23 Two-Man Saw
32:23 Elite Conquistador
33:24 Conscription
35:26 Husbandry
34:48 Cavalier
37:36 Iron Casting
37:16 Chain Mail Armor
37:22 Chain Barding Armor
37:17 Leather Archer Armor
36:58 Bodkin Arrow
37:52 Paladin
40:14 Blast Furnace
39:44 Plate Mail Armor
40:27 Plate Mail Armor
40:57 Blast Furnace
39:53 Bodkin Arrow
40:14 Leather Archer Armor
41:36 Plate Barding Armor
42:06 Chemistry
41:26 Ballistics
41:18 Masonry
Ezio
11:41 Feudal Age
10:25 Loom
15:30 Castle Age
14:15 Horse Collar
17:09 Heavy Plow
21:21 Wheelbarrow
22:07 Fletching
24:20 Sanctity
26:57 Scale Barding Armor
27:30 Bloodlines
27:23 Double-Bit Axe
27:47 Husbandry
30:34 Imperial Age
29:38 Hand Cart
29:09 Town Watch
29:57 Forging
32:29 Chemistry
32:44 Chain Barding Armor
34:01 Bow Saw
33:41 Heavy Camel Rider
35:12 Iron Casting
37:00 Plate Barding Armor
38:51 Imperial Camel Rider
40:33 Blast Furnace
41:22 Town Patrol
43:10 Conscription
Jeanne d'Arc
2:18 Loom
12:41 Feudal Age
17:36 Castle Age
16:28 Double-Bit Axe
16:49 Horse Collar
17:36 Gold Mining
18:04 Stone Mining
20:45 Bow Saw
22:15 Heavy Plow
23:53 Gold Shaft Mining
25:36 Stone Shaft Mining
31:34 Imperial Age
29:05 Crossbowman
33:21 Chemistry
32:41 Ballistics
32:10 Heavy Camel Rider
35:33 Imperial Camel Rider
40:38 Pikeman
Agent_Jot
10:58 Feudal Age
11:36 Double-Bit Axe
11:53 Horse Collar
16:31 Scale Mail Armor
16:43 Forging
20:59 Stone Mining
23:59 Castle Age
24:05 Fletching
26:03 Chain Mail Armor
25:49 Heavy Plow
27:56 Bodkin Arrow
28:34 Elite Skirmisher
29:13 Gold Mining
32:49 Iron Casting
32:15 Padded Archer Armor
33:04 Gambesons
33:21 Squires
34:35 Wheelbarrow
33:49 Town Watch
33:50 Loom
37:15 Ballistics
36:52 Murder Holes
37:22 Leather Archer Armor
39:50 Imperial Age
37:15 Pikeman
38:18 Hand Cart
YuriPsychoControl
9:22 Feudal Age
14:13 Castle Age
14:20 Horse Collar
22:19 Heavy Plow
22:16 Double-Bit Axe
24:44 Wheelbarrow
24:59 Light Cavalry
29:18 Man-at-Arms
YuriSTankDivision
9:53 Feudal Age
10:26 Loom
12:03 Horse Collar
17:11 Fletching
22:21 Double-Bit Axe
27:59 Castle Age
26:58 Double-Bit Axe
29:18 Bow Saw
30:21 Bodkin Arrow
Connection lost

Rejoining the realm…

Still unreachable

The connection could not be restored.

Session expired

The server has moved on; the page needs a fresh start.